 Dungeon Crawl Stone Soup version 0.25.0-1-g7eea58d (webtiles) character file.

Game seed: 369805262933113470

73474 Arex the Grappler (level 15, -14/158 HPs)
             Began as a Troll Chaos Knight on June 14, 2020.
             Was a High Priest of Okawaru.
             Demolished by a quicksilver dragon (16 damage)
             ... on level 2 of the Abyss.
             The game lasted 00:51:47 (20862 turns).

Arex the Grappler (Troll Chaos Knight)             Turns: 20862, Time: 00:51:47

Health: -14/158    AC: 23    Str: 26 (27) XL:     15   Next: 4%
Magic:  7/16       EV: 18    Int:  6      God:    Okawaru [*****.]
Gold:   1462       SH: 21    Dex:  9      Spells: 14/14 levels left

rFire    . . .     SeeInvis +     - Unarmed
rCold    + . .     Gourm    +   h - +0 tower shield
rNeg     . . .     Faith    +   J - +2 swamp dragon scales
rPois    +         Spirit   .   Q - +2 hat
rElec    .         Reflect  .   u - +1 cloak
rCorr    .         Harm     .   (gloves unavailable)
MR       +++..                  (boots unavailable)
Stlth    ++........             e - amulet of faith
HPRegen  0.76/turn              E - ring of protection from magic
MPRegen  0.15/turn              S - +4 ring of evasion

@: heroism, finesse, berserk cooldown
A: large, unfitting armour, beak, claws 3, horns 1, rugged brown scales 1, see
invisible, clumsy 1, cold resistance 1, deterioration 1, dopey 1, fast
metabolism 3, gourmand, [low mp 1], magic resistance 1, sense surroundings 1,
regeneration 1, shaggy fur 1, tough skin 3
a: Heroism, Finesse, Renounce Religion


You were on level 2 of the Abyss.
You worshipped Okawaru.
Okawaru was extremely pleased with you.
You were not hungry.

You visited 5 branches of the dungeon, and saw 21 of its levels.
You visited the Abyss 1 time.
You also visited: Ossuary and Gauntlet.

You collected 1838 gold pieces.
You spent 376 gold pieces at shops.

Inventory:

Hand Weapons
 v - a +5 falchion of flaming
Missiles
 d - 6 boomerangs of dispersal
 t - 2 throwing nets
 A - 3 javelins
 U - 4 large rocks (quivered)
Armour
 h - a +0 tower shield (worn)
 u - a +1 cloak (worn)
 J - +2 swamp dragon scales (worn)
 Q - a +2 hat (worn)
Jewellery
 e - an amulet of faith (around neck)
 s - an uncursed ring of positive energy
 x - an uncursed ring of ice
 y - an uncursed ring of protection from magic
 D - an uncursed amulet of reflection
 E - a ring of protection from magic (left claw)
 P - an uncursed ring of poison resistance
 S - a +4 ring of evasion (right claw)
Wands
 k - a wand of random effects (49)
 F - a wand of digging (8)
 H - a wand of paralysis (4)
 I - a wand of acid (13)
 M - a wand of polymorph (7)
 Y - a wand of flame (46)
 Z - a wand of iceblast (8)
Scrolls
 f - 2 scrolls of magic mapping
 m - 4 scrolls of remove curse
 p - 2 scrolls of fog
 w - 2 scrolls of fear
 z - 4 scrolls of summoning
 B - 2 scrolls of torment
 G - 3 scrolls of teleportation
 K - a scroll of vulnerability
 N - 3 scrolls of amnesia
 O - a scroll of immolation
Potions
 c - 2 potions of ambrosia {unknown}
 i - 4 potions of mutation
 j - 3 potions of curing
 l - 3 potions of might
 n - 2 potions of heal wounds {unknown}
 o - 2 potions of flight
 q - a potion of cancellation
 r - 2 potions of haste
 C - a potion of berserk rage {unknown}
 L - 2 potions of magic
 R - a potion of brilliance {unknown}
 V - a potion of resistance {unknown}
 W - a potion of lignification {unknown}
 X - 2 potions of invisibility
Comestibles
 b - 35 rations


   Skills:
 + Level 11.2(16.2) Fighting
 + Level 5.1(10.1) Throwing
 - Level 8.8(13.8) Armour
 - Level 7.0(12.0) Dodging
 + Level 10.8(15.8) Shields
 + Level 13.1(18.1) Unarmed Combat
 + Level 5.5 Invocations


You had 14 spell levels left.
You didn't know any spells.
Your spell library contained the following spells:

 Spells                   Type           Power        Failure   Level  Hunger
 Animate Skeleton         Necr           N/A          54%         1    ##.....
 Apportation              Tloc           #.....       54%         1    ##.....
 Beastly Appendage        Tmut           #.....       54%         1    ##.....
 Corona                   Hex            #......      54%         1    ##.....
 Foxfire                  Conj/Fire      #...         54%         1    ##.....
 Infusion                 Chrm           #...         54%         1    ##.....
 Sandblast                Erth           #.....       54%         1    ##.....
 Summon Small Mammal      Summ           #...         54%         1    ##.....
 Passwall                 Tmut/Erth      #.......     69%         2    ###....
 Shroud of Golubria       Chrm/Tloc      #.....       69%         2    ###....
 Song of Slaying          Chrm           #.......     69%         2    ###....
 Sticks to Snakes         Tmut           #.......     69%         2    ###....
 Conjure Flame            Conj/Fire      #.......     89%         3    ####...
 Inner Flame              Hex/Fire       #.......     89%         3    ####...
 Ozocubu's Armour         Chrm/Ice       #.......     89%         3    ####...
 Spectral Weapon          Hex/Chrm       #.......     89%         3    ####...
 Spider Form              Tmut/Pois      #.........   89%         3    ####...
 Stone Arrow              Conj/Erth      #.....       89%         3    ####...
 Ice Form                 Ice/Tmut       #.......     100%        4    #####..
 Petrify                  Tmut/Erth      #.......     100%        4    #####..
 Sticky Flame             Conj/Fire      #.......     100%        4    #####..
 Blade Hands              Tmut           #.........   100%        5    ######.
 Fireball                 Conj/Fire      #.........   100%        5    ######.
 Lee's Rapid Deconstruct  Erth           #.........   100%        5    ######.


Dungeon Overview and Level Annotations

Branches:
Dungeon (11/15)            Temple (1/1) D:5            Lair (6/6) D:8
  Swamp (0/4) Lair:3       Spider (0/4) Lair:4        Slime (1/5) Lair:6
    Orc (2/2) D:9             Elf (0/3) Orc:2       Ossuary (visited)
Gauntlet (visited)

Altars:
Ashenzari
Cheibriados
Dithmenos
Elyvilon
Fedhas
Gozag
Hepliaklqana
Kikubaaqudgha
Makhleb
Nemelex Xobeh
Okawaru
Qazlal
Ru
Sif Muna
Trog
Uskayaw
Vehumet
Wu Jian
Xom
Yredelemnul
Zin
The Shining One
Beogh

Shops:
Orc:2 *?[((

Annotations:
Lair:3 exclusion: 4 oklob plants
Lair:5 2 runed translucent doors, Thalamas's ghost, journeyman MiBe
Orc:2 2 runed translucent doors, khdinoboy's ghost, journeyman MiFi


Innate Abilities, Weirdness & Mutations

You are too large for most types of armour.
You have claws for hands.
Your metabolism is lightning-fast.
You like to eat raw meat.
Your natural rate of healing is unusually fast.
You are covered in fur. (AC +1)
You have extremely tough skin. (AC +3)
You have a beak for a mouth.
You have a pair of small horns on your head.
You are partially covered in rugged brown scales. (AC +1, +3% HP)
You have supernaturally acute eyesight. (SInv)
You are clumsy. (Dex -2)
Your flesh is cold resistant. (rC+)
Your body sometimes deteriorates upon taking damage.
You are dopey. (Int -2)
You are resistant to hostile enchantments. (MR+)
You passively map a small area around you.
[Your magical capacity is low. (-10% MP)]


Message History

Your headbutt misses the large abomination.
The large abomination is heavily damaged.
You mangle the large abomination!!
Your headbutt misses the large abomination.
The large abomination is almost destroyed.
The large abomination closely misses you.
You mangle the large abomination!!
You destroy the large abomination!
Okawaru accepts your kill.
You feel your strength returning.
You feel the corruption within you wane somewhat.
You feel more energetic.
You feel a little less angry.
You feel a little more calm.
The quicksilver dragon breathes dispelling energy at you.
The bolt of dispelling energy hits you!!
Your magical effects are unravelling.
* * * LOW HITPOINT WARNING * * *
You feel yourself slow down. The quicksilver dragon bites you!
You die...

. .. . #
######### .
..# . X......
.. ####.## #
.... .
#..@D.#.# . ..
##.####.##
##..##.## #
..... ....
..!.XX
##.#######.###
#. #. # #.# ..
# # . # # ## #
## . . ## #


You could see a quicksilver dragon (catching breath).

Vanquished Creatures
  An orc warlord (Orc:2)
  Nessos (Lair:5)
  A dire elephant (Lair:6)
  Erolcha (D:8)
  8 hydras
  Erica (D:8)
  A merfolk avatar (Lair:6)
  A two-headed ogre (D:8)
  A thrashing horror (Abyss:2)
  4 orc high priests
  A wretched star (Abyss:2)
  2 sea snakes
  An unseen horror (D:11)
  4 large abominations (Abyss:2)
  A lindwurm (Lair:6)
  An orc knight (Orc:2)
  An ugly thing (D:11)
  A manticore (D:11)
  2 orc sorcerers (Orc:1)
  40 elephants
  10 black mambas
  19 spiny frogs
  4 rime drakes
  An orange demon (Abyss:2)
  5 komodo dragons
  An ancient zyme (Abyss:2)
  A merfolk (D:9)
  6 polar bears
  A wind drake (Lair:6)
  Grinder (D:6)
  A troll (Orc:1)
  23 blink frogs
  4 hippogriffs
  4 hornets
  4 dream sheep
  2 small abominations (Abyss:2)
  2 slime creatures (Lair:6)
  Sigmund (D:3)
  An ettin skeleton (Abyss:2)
  A redback (Lair:4)
  A ynoxinul (Abyss:2)
  29 yaks
  A wyvern (Lair:5)
  A water elemental (Abyss:2)
  2 steam dragons
  2 basilisks
  A fire bat (D:9)
  A warg (Orc:2)
  2 swamp worms (Lair:3)
  7 porcupines
  21 water moccasins
  3 black bears
  A necrophage (D:8)
  29 orc warriors
  2 sky beasts
  3 phantoms (D:9)
  8 ogres
  2 centaurs
  21 wolves
  19 crocodiles
  An elf zombie (Ossuary)
  14 bullfrogs
  3 troll zombies (D:9)
  2 scorpions
  A killer bee (D:5)
  An electric eel (Lair:3)
  A centaur zombie (Ossuary)
  6 bullfrog zombies
  4 crimson imps
  2 quasits
  A centaur skeleton (D:11)
  3 jellies
  15 orc priests
  A hound (D:5)
  3 bullfrog skeletons
  2 human zombies (Ossuary)
  An iguana (D:4)
  19 orc wizards
  7 worker ants
  A killer bee zombie (D:8)
  A big kobold zombie (Ossuary)
  5 ogre zombies (D:9)
  A hound zombie (D:8)
  2 mummies (Ossuary)
  7 gnolls
  8 adders
  2 shadow imps
  2 white imps (Abyss:2)
  2 adder zombies
  3 oozes
  2 adder skeletons (D:2)
  2 worms
  6 leopard geckos
  84 orcs
  A bat skeleton (D:2)
  3 giant cockroaches (D:1)
  2 goblins (D:1)
  6 hobgoblins
  8 jackals
  2 quokkas
  4 bats
  3 frilled lizards
  A giant cockroach zombie (D:5)
  A goblin skeleton (D:9)
  2 goblin zombies (D:9)
  20 hobgoblin zombies
  2 jackal skeletons
  9 kobolds
  10 kobold zombies (Ossuary)
  2 leopard gecko skeletons
  5 orc skeletons (D:9)
  18 orc zombies
  4 rats
  2 fungi
  A lurking horror (Abyss:2)
643 creatures vanquished.

Vanquished Creatures (collateral kills)
  A hydra (Lair:5)
  Maggie (D:7)
  A hippogriff (Lair:2)
  A yak (Lair:5)
  A porcupine (Lair:2)
  A crocodile (Lair:5)
  A bullfrog (Lair:5)
  3 orcs (D:7)
10 creatures vanquished.

Vanquished Creatures (others)
  An orc wizard (D:11)
  An orc (D:11)
  A bush (Lair:4)
  3 demonic plants (Gauntlet)
  34 fungi
  23 plants
63 creatures vanquished.

Grand Total: 716 creatures vanquished

Notes
Turn   | Place    | Note
-------+----------+-------------------------------------------
     0 | D:1      | Arex the Troll Chaos Knight began the quest for the Orb.
     0 | D:1      | Reached XP level 1. HP: 22/22 MP: 0/0
   178 | D:1      | XOM: silly message
   218 | D:1      | Reached XP level 2. HP: 29/29 MP: 1/1
  1166 | D:1      | XOM: scenery: 1 doors close
  1175 | D:1      | XOM is BORED!
  1175 | D:1      | XOM: give mutations
  1175 | D:1      | Gained mutation: Your body sometimes deteriorates upon
                  | taking damage. [Xom's mischief]
  1175 | D:1      | Gained mutation: You are clumsy. (Dex -2) [Xom's mischief]
  1175 | D:1      | Gained mutation: You are weak. (Str -2) [Xom's mischief]
  1175 | D:1      | Gained mutation: You are frail. (-10% HP) [Xom's mischief]
  1192 | D:1      | XOM: give mutations
  1192 | D:1      | Gained mutation: Your spells are a little harder to cast,
                  | but a little more powerful. [Xom's grace]
  1192 | D:1      | Gained mutation: You have a beak for a mouth. [Xom's grace]
  1364 | D:2      | Reached XP level 3. HP: 32/32 MP: 2/2
  1377 | D:2      | XOM: give mutations
  1377 | D:2      | Gained mutation: You possess an exceptional clarity of
                  | mind. [Xom's grace]
  1377 | D:2      | Gained mutation: You expend magic power (3 MP) to
                  | strengthen your wands. [Xom's grace]
  1765 | D:2      | XOM: smoke on damage
  1793 | D:2      | XOM: give mutations
  1793 | D:2      | Gained mutation: Your spells are harder to cast, but more
                  | powerful. [Xom's grace]
  1793 | D:2      | Gained mutation: You are partially covered in rugged brown
                  | scales. (AC +1, +3% HP) [Xom's grace]
  1793 | D:2      | Gained mutation: Your flesh is cold resistant. (rC+) [Xom's
                  | grace]
  2043 | D:3      | XOM: god gift: ration
  2087 | D:3      | Reached skill level 1 in Shields
  2087 | D:3      | Reached XP level 4. HP: 38/41 MP: 3/3
  2237 | D:3      | Noticed Sigmund
  2261 | D:3      | Killed Sigmund
  2261 | D:3      | Reached skill level 4 in Unarmed Combat
  2261 | D:3      | Reached XP level 5. HP: 12/49 MP: 4/4
  2261 | D:3      | Reached XP level 6. HP: 14/56 MP: 5/5
  2373 | D:3      | XOM: divination: detect creatures
  2424 | D:3      | XOM: silly message
  2497 | D:3      | XOM: silly message
  3122 | D:4      | XOM: god gift: 3 rations
  3143 | D:4      | XOM: cast spell 'Summon Ice Beast'
  3228 | D:4      | XOM is BORED!
  3228 | D:4      | XOM: 4-stop teleportation journey
  3270 | D:4      | XOM: silly message
  3350 | D:4      | XOM: polymorph centaur -> iguana
  3352 | D:4      | Lost mutation: Your body sometimes deteriorates upon taking
                  | damage. [potion of mutation]
  3352 | D:4      | Lost mutation: You are weak. (Str -2) [potion of mutation]
  3352 | D:4      | Lost mutation: You expend magic power (3 MP) to strengthen
                  | your wands. [potion of mutation]
  3352 | D:4      | Gained mutation: You are very clumsy. (Dex -4) [potion of
                  | mutation]
  3352 | D:4      | Gained mutation: You have supernaturally acute eyesight.
                  | (SInv) [potion of mutation]
  3355 | D:4      | XOM: summons friendly shadow imp
  3360 | D:4      | XOM: confuse monster(s)
  3365 | D:4      | Reached XP level 7. HP: 11/65 MP: 6/6
  3650 | D:4      | XOM: give mutations
  3650 | D:4      | Gained mutation: You are dopey. (Int -2) [Xom's mischief]
  3650 | D:4      | Lost mutation: You possess an exceptional clarity of mind.
                  | [Xom's mischief]
  3650 | D:4      | Lost mutation: You are very clumsy. (Dex -4) [Xom's
                  | mischief]
  3685 | D:4      | XOM: noise
  3749 | D:5      | Entered Level 5 of the Dungeon
  3757 | D:5      | XOM: polymorph jelly -> killer bee
  3953 | D:5      | Found a staircase to the Ecumenical Temple.
  3964 | D:5      | Reached skill level 5 in Unarmed Combat
  4001 | Temple   | Entered the Ecumenical Temple
  4436 | D:5      | Found a blossoming altar of Fedhas.
  4461 | D:5      | XOM: 7-stop teleportation journey
  4732 | D:5      | XOM: noise
  4763 | D:5      | XOM: give mutation
  4763 | D:5      | Lost mutation: You are frail. (-10% HP) [Xom's mischief]
  4769 | D:5      | XOM: give mutations
  4769 | D:5      | Gained mutation: You passively map a small area around you.
                  | [Xom's grace]
  4769 | D:5      | Gained mutation: You have a pair of small horns on your
                  | head. [Xom's grace]
  4769 | D:5      | Gained mutation: You are resistant to hostile enchantments.
                  | (MR+) [Xom's grace]
  4877 | D:6      | Noticed Grinder
  4877 | D:6      | XOM: summons 2 hostile shadow creatures
  4920 | D:6      | XOM: polymorph Grinder -> Grinder
  4922 | D:5      | XOM: summons 4 hostile shadow creatures
  5065 | D:6      | XOM: give mutations
  5065 | D:6      | Lost mutation: Your spells are harder to cast, but more
                  | powerful. [Xom's mischief]
  5065 | D:6      | Gained mutation: Your body sometimes deteriorates upon
                  | taking damage. [Xom's mischief]
  5168 | D:6      | XOM: summons 2 friendly demons
  5174 | D:6      | Killed Grinder
  5174 | D:6      | Reached XP level 8. HP: 79/81 MP: 7/7
  5314 | D:7      | Noticed Maggie
  5316 | D:7      | XOM: fake destruction
  5404 | D:7      | XOM: summons 7 friendly demons
  5419 | D:7      | Killed Maggie
  5419 | D:7      | Reached skill level 5 in Fighting
  5419 | D:7      | Reached skill level 6 in Unarmed Combat
  5737 | D:7      | Found a radiant altar of Vehumet.
  5737 | D:7      | XOM: 9-stop teleportation journey
  5926 | D:7      | Found an ornate altar of the Wu Jian Council.
  6092 | D:7      | XOM: silly message
  6167 | D:8      | XOM: noise
  6167 | D:8      | Found a staircase to the Lair.
  6168 | D:8      | You fall into a shaft and drop 2 floors!
  6168 | D:10     | Entered Level 10 of the Dungeon
  6176 | D:10     | XOM: 3-stop teleportation journey
  6264 | D:9      | XOM: polymorph big kobold -> fire bat
  6270 | D:9      | XOM: summons 2 friendly demons
  6279 | D:9      | Reached skill level 1 in Armour
  6279 | D:9      | Reached skill level 5 in Dodging
  6367 | D:8      | XOM: enchant monster (bad)
  6371 | D:8      | XOM: enchant monster (bad)
  6411 | D:9      | Reached XP level 9. HP: 90/90 MP: 8/8
  6417 | D:9      | Found a staircase to the Orcish Mines.
  6467 | D:8      | XOM: summons friendly iron imp
  6477 | D:8      | Found a sand-covered staircase.
  6488 | Ossuary  | Entered an ossuary
  6772 | D:8      | XOM: silly message
  6775 | D:8      | XOM: noise
  6944 | D:8      | Reached skill level 7 in Unarmed Combat
  7063 | D:8      | XOM: potion effect (haste)
  7065 | D:8      | Reached skill level 5 in Shields
  7090 | D:8      | XOM: potion effect (curing)
  7262 | D:8      | Noticed a two-headed ogre
  7272 | D:8      | Killed a two-headed ogre
  7325 | D:8      | You fall into a shaft and drop 1 floor!
  7435 | Lair:1   | Entered Level 1 of the Lair of Beasts
  7438 | Lair:1   | Noticed a spiny frog
  7443 | Lair:1   | Killed a spiny frog
  7443 | Lair:1   | Reached XP level 10. HP: 103/103 MP: 9/9
  7452 | Lair:1   | XOM: potion effect (brilliance)
  7537 | Lair:1   | You fall into a shaft and drop 1 floor!
  7552 | Lair:2   | XOM: scenery: create altars
  7634 | Lair:2   | Noticed a black mamba
  7634 | Lair:2   | Noticed a black mamba
  7640 | Lair:2   | XOM: enchant monster (good)
  7645 | Lair:2   | Killed a black mamba
  7652 | Lair:2   | Killed a black mamba
  7652 | Lair:2   | Reached skill level 8 in Unarmed Combat
  7707 | Lair:2   | XOM: 4-stop teleportation journey
  7708 | Lair:2   | Noticed a black mamba
  7711 | Lair:2   | XOM: enchant monster (good)
  7739 | Lair:2   | Killed a black mamba
  7914 | Lair:1   | XOM: destruction
  7919 | Lair:1   | XOM: scenery: create altars
  7928 | Lair:1   | XOM: divination: detect items
  7931 | Lair:2   | XOM: potion effect (curing)
  7979 | Lair:1   | XOM: divination: detect creatures
  7998 | Lair:1   | XOM: potion effect (stabbing)
  8011 | Lair:1   | Reached XP level 11. HP: 67/112 MP: 10/10
  8094 | Lair:1   | XOM: silly message
  8119 | Lair:1   | XOM: potion effect (brilliance)
  8132 | Lair:1   | XOM: silly message
  8191 | Lair:1   | XOM: silly message
  8193 | Lair:1   | Noticed a six-headed hydra
  8199 | Lair:1   | XOM: potion effect (brilliance)
  8215 | Lair:1   | XOM: potion effect (stabbing)
  8217 | Lair:1   | XOM: potion effect (stabbing)
  8218 | Lair:1   | XOM: silly message
  8225 | Lair:1   | Reached skill level 5 in Armour
  8229 | Lair:1   | XOM: potion effect (invisibility)
  8236 | Lair:1   | Killed a one-headed hydra
  8338 | Lair:1   | Reached skill level 9 in Unarmed Combat
  8346 | Lair:1   | XOM: silly message
  8424 | Lair:1   | XOM: silly message
  8960 | Lair:2   | XOM: confuse monster(s)
  9101 | Lair:2   | XOM: cast spell 'Statue Form'
  9102 | Lair:2   | XOM: noise
  9283 | Lair:2   | XOM: divination: magic mapping
  9288 | Lair:2   | XOM: divination: magic mapping
  9311 | Lair:2   | XOM: cast spell 'Cause Fear'
  9320 | Lair:2   | XOM: confuse monster(s)
  9321 | Lair:2   | XOM: noise
  9401 | Lair:2   | XOM: confuse monster(s)
  9646 | Lair:2   | Found the +8 whip "Snakebite" {curare, rPois}
  9853 | Lair:3   | XOM: cast spell 'Olgreb's Toxic Radiance'
  9854 | Lair:3   | XOM: divination: detect items
  9855 | Lair:3   | Reached skill level 10 in Unarmed Combat
  9855 | Lair:3   | Reached XP level 12. HP: 113/125 MP: 11/11
  9857 | Lair:3   | XOM: confuse monster(s)
  9918 | Lair:3   | XOM: potion effect (brilliance)
 10091 | Lair:3   | Noticed a four-headed hydra
 10099 | Lair:3   | XOM: confuse monster(s)
 10104 | Lair:3   | Noticed a five-headed hydra
 10111 | Lair:3   | Killed a one-headed hydra
 10119 | Lair:3   | Killed a one-headed hydra
 10615 | Lair:3   | Found a staircase to the Swamp.
 10713 | Lair:3   | XOM: scenery: create altars
 10775 | Lair:4   | XOM: polymorph elephant -> redback
 10809 | Lair:4   | XOM: cast spell 'Leda's Liquefaction'
 10821 | Lair:4   | XOM: cleaving
 10825 | Lair:4   | XOM: enchant monster (good)
 10828 | Lair:4   | XOM: fake destruction
 10870 | Lair:4   | XOM: summons friendly white imp
 10882 | Lair:4   | Noticed a six-headed hydra
 10884 | Lair:4   | XOM: divination: detect creatures
 10891 | Lair:4   | XOM: confuse monster(s)
 10894 | Lair:4   | Killed a six-headed hydra
 10900 | Lair:4   | Noticed a five-headed hydra
 10900 | Lair:4   | XOM: enchant monster (good)
 10912 | Lair:4   | Killed a one-headed hydra
 10914 | Lair:4   | XOM: summons 2 friendly demons
 10971 | Lair:4   | Reached skill level 11 in Unarmed Combat
 10995 | Lair:4   | Found a hole to the Spider Nest.
 11140 | Lair:4   | XOM: confuse monster(s)
 11147 | Lair:4   | Reached XP level 13. HP: 117/134 MP: 12/12
 11160 | Lair:4   | XOM: god gift: potion of degeneration
 11324 | Lair:4   | XOM: 2-stop teleportation journey
 11355 | Lair:4   | XOM: cast spell 'Necromutation'
 11357 | Lair:4   | XOM: cast spell 'Metabolic Englaciation'
 11836 | Lair:5   | Found a gate leading to a gauntlet.
 11843 | Gauntlet | Entered a Gauntlet
 11843 | Gauntlet | Found a transporter.
 11843 | Gauntlet | Found a transporter.
 11843 | Gauntlet | Found a transporter.
 11843 | Gauntlet | Noticed a death ooze
 11856 | Gauntlet | Found a transporter.
 11856 | Gauntlet | Found a transporter.
 11857 | Gauntlet | Noticed a death ooze
 11864 | Gauntlet | Found a transporter.
 11867 | Gauntlet | Found a transporter.
 11884 | Gauntlet | Found a transporter.
 11893 | Gauntlet | Found a transporter.
 11901 | Gauntlet | Found a transporter.
 11901 | Gauntlet | Found a transporter.
 11911 | Gauntlet | Found a transporter.
 11931 | Gauntlet | Noticed a death ooze
 12171 | Lair:5   | XOM: summons 2 friendly demons
 12274 | Lair:5   | Found a large runed translucent door.
 12275 | Lair:5   | Found a large runed translucent door.
 12278 | Lair:5   | Noticed Thalamas's ghost (journeyman MiBe)
 12306 | Lair:5   | XOM: destruction
 12315 | Lair:5   | XOM: scenery: create altars
 12476 | Lair:5   | XOM: scenery: create altars
 12507 | Lair:5   | XOM: god gift: book of Flames
 12633 | Lair:5   | XOM: scenery: create altars
 12799 | Lair:5   | XOM: 2-stop teleportation journey
 13089 | Lair:6   | Entered Level 6 of the Lair of Beasts
 13093 | Lair:6   | XOM: confuse monster(s)
 13133 | Lair:5   | XOM: fake destruction
 13144 | Lair:5   | Reached skill level 10 in Fighting
 13513 | Temple   | Fell from the grace of Xom
 13513 | Temple   | Became a worshipper of Warmaster Okawaru
 13622 | D:9      | XOM: 3-stop teleportation journey
 13642 | D:9      | Noticed Erica
 13642 | D:9      | Noticed Erolcha
 13662 | D:8      | Killed Erica
 13666 | D:8      | Killed Erolcha
 13739 | D:8      | XOM: draining
 13848 | D:9      | Found a sacrificial altar of Ru.
 13889 | D:9      | XOM: enchant monster (bad)
 15457 | Lair:6   | Reached skill level 1 in Invocations
 15461 | Lair:6   | Reached * piety under Okawaru
 15509 | Lair:6   | Noticed a dire elephant
 15696 | Lair:5   | XOM: give mutation
 15696 | Lair:5   | Lost mutation: Your spells are a little harder to cast, but
                  | a little more powerful. [Xom's mischief]
 15855 | Lair:6   | Reached ** piety under Okawaru
 15855 | Lair:6   | Reached skill level 12 in Unarmed Combat
 15917 | Lair:5   | Reached skill level 1 in Throwing
 16139 | Lair:5   | Noticed Nessos
 16153 | Lair:5   | Killed Nessos
 16177 | Lair:5   | Reached *** piety under Okawaru
 16236 | Lair:6   | Reached skill level 10 in Shields
 16247 | Lair:6   | Reached XP level 14. HP: 77/148 MP: 12/15
 16547 | Lair:6   | Reached **** piety under Okawaru
 16802 | Lair:6   | XOM: 4-stop teleportation journey
 16824 | Lair:6   | Received a gift from Okawaru
 17122 | Lair:6   | Found a staircase to the Slime Pits.
 17132 | Slime:1  | Entered Level 1 of the Pits of Slime
 17193 | Lair:6   | Reached ***** piety under Okawaru
 17212 | Lair:6   | XOM: confusion (+ monsters)
 17219 | Lair:6   | Received a gift from Okawaru
 17421 | Lair:6   | XOM: god gift: 5 gold pieces
 17904 | Orc:1    | Entered Level 1 of the Orcish Mines
 18087 | Orc:1    | XOM: 1-stop teleportation journey
 18241 | Orc:2    | Entered Level 2 of the Orcish Mines
 18252 | Orc:2    | Found a roughly hewn altar of Beogh.
 18253 | Orc:2    | Found Ylorauk's Magic Scroll Boutique.
 18301 | Orc:2    | Bought a scroll of enchant armour for 97 gold pieces
 18301 | Orc:2    | Bought a scroll of identify for 26 gold pieces
 18301 | Orc:2    | Bought a scroll of amnesia for 45 gold pieces
 18318 | Orc:2    | XOM: enchant monster (bad)
 18354 | Orc:2    | Found Zicaonaore's Antique Weapon Shoppe.
 18402 | Orc:2    | Found a roughly hewn altar of Beogh.
 18514 | Orc:2    | XOM: divination: magic mapping
 18574 | Orc:2    | Found a roughly hewn altar of Beogh.
 18581 | Orc:2    | Found Biosol's General Store.
 18762 | Orc:2    | Found a staircase to the Elven Halls.
 18936 | Orc:2    | Reached skill level 5 in Invocations
 19032 | Orc:2    | Noticed an orc warlord
 19065 | Orc:2    | Killed an orc warlord
 19121 | Orc:2    | Found a roughly hewn altar of Beogh.
 19121 | Orc:2    | Found Sepal's Antique Armour Boutique.
 19125 | Orc:2    | Found Xesch's Antique Weapon Shop.
 19136 | Orc:2    | Bought a leather armour for 64 gold pieces
 19136 | Orc:2    | Bought a cloak for 144 gold pieces
 19197 | Orc:2    | Found a large runed translucent door.
 19200 | Orc:2    | Found a large runed translucent door.
 19202 | Orc:2    | Noticed khdinoboy's ghost (journeyman MiFi)
 19258 | Orc:2    | Received a gift from Okawaru
 19269 | Orc:2    | XOM: draining
 19372 | Orc:2    | Found a roughly hewn altar of Beogh.
 19482 | Orc:2    | Found a roughly hewn altar of Beogh.
 19556 | Orc:2    | Found a roughly hewn altar of Beogh.
 19626 | Orc:2    | Found a roughly hewn altar of Beogh.
 19797 | Orc:2    | XOM: stat loss: -1 Str (22/25)
 19993 | D:11     | XOM: summons 1 hostile demon
 20056 | D:11     | Received a gift from Okawaru
 20059 | D:11     | Got citrine-encrusted steam dragon scales {god gift}
 20170 | D:11     | Identified the +1 steam dragon scales "Jovaloeps" {Str+2
                  | Int+5 Dex+2} (Okawaru gifted it to you on level 11 of the
                  | Dungeon)
 20270 | D:11     | Reached skill level 13 in Unarmed Combat
 20292 | D:11     | Cast into level 2 of the Abyss (Xom)
 20387 | Abyss:2  | XOM: noise
 20408 | Abyss:2  | Noticed a tentacled starspawn
 20408 | Abyss:2  | Noticed a starcursed mass
 20449 | Abyss:2  | Noticed a starcursed mass
 20527 | Abyss:2  | Reached skill level 5 in Throwing
 20746 | Abyss:2  | Reached XP level 15. HP: 127/127 MP: 14/14
 20843 | Abyss:2  | Noticed a quicksilver dragon
 20861 | Abyss:2  | HP: 1/158 [quicksilver dragon/bolt of dispelling energy
                  | (33)]
 20862 | Abyss:2  | Demolished by a quicksilver dragon

Illustrated notes

Levels and vault maps discovered:
D:1:      tarquinn_simple_flora_water_e, layout_basic,
          chequers_serial_rivers_room_a
D:2:      layout_basic, serial_undead, serial_undead_e, serial_undead_b,
          serial_undead_d, serial_undead_f, serial_undead_b, serial_undead_e
D:3:      layout_basic, minmay_misc_feat_pillars, uniq_sigmund
D:4:      layout_basic, minmay_manual_mares
D:5:      layout_rooms, minmay_temple_entry_mini_moons, first_ration,
          minmay_misc_feat_more_columns, fedhas_altar_1
D:6:      layout_rooms, uniq_grinder
D:7:      layout_basic, kennysheep_mini_moat, basic_altar, uniq_maggie
D:8:      layout_rooms, lair_entry_dummy, nicolae_ossuary_entry_plus
D:9:      layout_irregular_city, zombieorc2_lemuel, hangedman_fish_farm,
          moated_statue, nicolae_ru_sacrificial_ziggurat, uniq_erica,
          uniq_erolcha
D:10:     layout_loops_ring, nicolae_benzene_ring
D:11:     layout_basic
Temple:   nicolae_temple_the_god_donut
Lair:1:   layout_chaotic_city, lightli_volcano_entry_magma_tube,
          serial_bayou_pond_e
Lair:2:   minmay_guarded_unrand_snakebite, layout_regular_city,
          grunt_megastairs_3
Lair:3:   layout_loops_ring, nicolae_swamp_entry_splash_gauntlet,
          minmay_lair_oklob_chamber
Lair:4:   layout_roguey, dummy_spider_entry
Lair:5:   layout_cave_pods, ebering_ghost_disaster_area, gauntlet_entry_generic,
          beast_lair_carwin_8, grunt_megastairs_5, serial_bayou_shore_b,
          uniq_nessos
Lair:6:   gammafunk_lair_ancient_temple, layout_cave_pods, slime_dummy,
          grunt_megastairs_4
Slime:1:  layout_caves
Orc:1:    layout_caves, abandoned_shop
Orc:2:    grunt_orc_community_town_hall, layout_diamond_mine,
          grunt_orc_community_big_house_1, grunt_orc_community_big_house_1,
          grunt_orc_community_house_2, grunt_orc_community_house_1,
          grunt_orc_community_house_3, grunt_orc_community_house_2,
          grunt_orc_community_house_1, grunt_orc_community_house_3,
          serial_shops, shop_coins, ebering_ghost_disaster_area,
          nicolae_orc_bridge_out, mines2_david
Abyss:2:  base: D:5, base: Crypt:1, base: D:10, evilmike_abyss_exit_7,
          evilmike_abyss_exit_glass

Skill      XL: |  1  2  3  4  5  6  7  8  9 10 11 12 13 14 |
---------------+-------------------------------------------+-----
Dodging        | 2 3 4 5 6 7 |  7.0
Fighting       | 3 4 5 6 7 8 9 10 11 | 11.2
Shields        | 1 2 3 4 5 6 7 9 10 | 10.8
Unarmed Combat | 4 5 6 7 8 10 11 12 13 | 13.1
Armour         | 1 3 4 6 7 8 |  8.8
Invocations    | 2 5 |  5.5
Throwing       | 1 5 |  5.1

Action                   |  1- 3 |  4- 6 |  7- 9 | 10-12 | 13-15 || total
-------------------------+-------+-------+-------+-------+-------++-------
Melee: Unarmed           |   130 |    93 |   520 |   597 |  1153 ||  2493
       Peck              |    12 |     7 |    81 |   115 |   241 ||   456
       Headbutt          |       |       |    73 |   113 |   254 ||   440
       Falchion          |       |       |       |    46 |    26 ||    72
Throw: Throwing net      |       |       |     1 |     1 |     6 ||     8
       Large rock        |       |       |       |       |     4 ||     4
       Javelin           |       |       |       |       |     3 ||     3
Invok: Heroism           |       |       |       |       |     8 ||     8
       Finesse           |       |       |       |       |     2 ||     2
Evoke: Wand              |       |       |     4 |     2 |     2 ||     8
  Use: Scroll            |     2 |     1 |    10 |     3 |    14 ||    30
       Potion            |       |     2 |     2 |     2 |     6 ||    12
 Stab: Sleeping          |       |       |     9 |     4 |       ||    13
       Invisible         |       |       |     1 |     1 |       ||     2
       Paralysed         |       |       |     3 |       |       ||     3
       Petrified         |       |       |       |     1 |       ||     1
       Confused          |       |       |       |     4 |     1 ||     5
       Held in net/web   |       |       |       |       |     3 ||     3
  Eat: Chunk             |    18 |    14 |    28 |    38 |    74 ||   172
       Ration            |       |       |     3 |       |     3 ||     6
Armor: Robe              |    60 |    24 |    41 |       |       ||   125
       Swamp dragon scal |       |       |    96 |   147 |   282 ||   525
Dodge: Dodged            |    50 |    14 |    96 |   135 |   292 ||   587
Block: Tower shield      |    43 |    50 |   446 |   635 |   918 ||  2092
       Reflection        |       |       |     8 |     2 |     3 ||    13
       Rpst.: Falchion   |       |       |       |     6 |       ||     6
